 Dungeon Crawl Stone Soup version 0.28-a0-1624-g820543e53a (webtiles) character file.

Game seed: 3420451252954634555

77 HallandMoats the Vandal (level 4, 0/37 HPs)
             Began as a Ghoul Hunter on Jan 23, 2022.
             Slain by Grinder (7 damage)
             ... on level 3 of the Dungeon.
             The game lasted 00:02:09 (1905 turns).

HallandMoats the Vandal (Ghoul Hunter)              Turns: 1905, Time: 00:02:09

Health: 0/37       AC:  8    Str: 12 (15) XL:     4   Next: 33%
Magic:  3/3        EV: 10    Int:  4 (6)  God:
Gold:   69         SH:  0    Dex:  8 (11) Spells: 3/3 levels left

rFire   . . .      SeeInvis +   a - +1 hunting sling
rCold   + . .      Faith    .   (no shield)
rNeg    + + +      Spirit   .   m - +0 ring mail
rPois   ∞          Reflect  .   f - +0 helmet
rElec   .          Harm     .   k - +1 cloak
rCorr   .          Rampage  .   (no gloves)
Will    .....                   (no boots)
Stlth   +.........              (no amulet)
HPRegen 0.00/turn               i - ring of see invisible
MPRegen 0.08/turn               (no ring)

@: inhibited regen
A: claws 1, cold resistance 1, negative energy resistance 3, inhibited
regeneration, torment resistance 2
a: no special abilities


You were on level 3 of the Dungeon.
You visited 1 branch of the dungeon, and saw 3 of its levels.

You collected 69 gold pieces.

Inventory:

Hand Weapons
 a - a +1 hunting sling (weapon)
 b - a +0 short sword
Missiles
 e - 94 stones (quivered ammo)
Armour
 f - a +0 helmet (worn)
 k - a +1 cloak (worn)
 m - a +0 ring mail (worn)
Jewellery
 i - a ring of see invisible (left claw)
Scrolls
 c - a scroll of vulnerability {unknown}
 h - 2 scrolls of noise {unknown}
 j - 4 scrolls of identify {unknown}
 l - a scroll of fear {unknown}
 n - a scroll of blinking {unknown}
Potions
 g - a potion of degeneration


   Skills:
 + Level 2.9 Fighting
 * Level 4.3 Slings
 + Level 1.2 Armour
 + Level 2.3 Dodging
 - Level 1.1 Stealth


You had 3 spell levels left.
You didn't know any spells.
Your spell library contained the following spells:

 Spells                   Type           Power      Damage    Failure   Level
 Slow                     Hex            0%         N/A       78%         1
 Confusing Touch          Hex            0%         N/A       98%         3
 Vampiric Draining        Necr           0%         2d6       98%         3


Dungeon Overview and Level Annotations

Branches:
Dungeon (3/15)

Altars:

Shops:
D:2 [[

Annotations:
D:3 Grinder


Innate Abilities, Weirdness & Mutations

You thrive by killing the living.
You are immune to poison.
You have sharp fingernails.
Your flesh is cold resistant. (rC+)
You are immune to negative energy. (rN+++)
You do not regenerate when monsters are visible.
You are immune to unholy pain and torment.


Message History

* * * LOW HITPOINT WARNING * * *
You can move again.
You are too injured to fight recklessly!
Unknown command.
You are too injured to fight recklessly!
Unknown command.
You are too injured to fight recklessly!
Unknown command.
You are too injured to fight recklessly!
Unknown command.
You are too injured to fight recklessly!
It was a potion of degeneration.
There was something very wrong with that liquid.
You feel weakened.
You feel dopey.
You feel clumsy. Grinder hits you.
* * * LOW HITPOINT WARNING * * *
Unknown command.
Fire: 98 stones
Press: ? - help, Q - select action Shift-Dir - straight line, f/p - Grinder
Aim: Grinder (heavily wounded, 55% to hit)
You shoot a stone. The stone hits Grinder.
Grinder is severely wounded.
Grinder closely misses you.
Fire: 97 stones
Press: ? - help, Q - select action Shift-Dir - straight line, f/p - Grinder
Aim: Grinder (severely wounded, 55% to hit)
You shoot a stone. The stone closely misses Grinder.
Grinder closely misses you.
Fire: 96 stones
Press: ? - help, Q - select action Shift-Dir - straight line, f/p - Grinder
Aim: Grinder (severely wounded, 55% to hit)
You shoot a stone. The stone hits Grinder.
Grinder is severely wounded.
Grinder barely misses you.
Fire: 95 stones
Press: ? - help, Q - select action Shift-Dir - straight line, f/p - Grinder
Aim: Grinder (severely wounded, 55% to hit)
You shoot a stone. The stone barely misses Grinder.
Grinder hits you!
You die...

#....#.######.# ...(.
+..<.#.#....#.# ...(.
#....#.#.##.#.#
##....#....#.#.##.#.#
......####.#.#.##.#.#
.....(####.#.#.##.#.#
.......(......<.##.#.#
.........(######.##.#.#
..........#...@#....#.##.#.#
............##..5..##.#.##.#.#
...................##.#.##...#
..............(....##.#.######
...................##.#.#
.............(...#.####.#
............##.#.#......#
...............#(########
.................#######


You could see Grinder.

Vanquished Creatures
  An adder (D:2)
  3 worms
  2 dart slugs
  An orc (D:3)
  5 endoplasms
  4 giant cockroaches
  A goblin (D:2)
  3 hobgoblins
  8 jackals
  4 kobolds
  3 quokkas (D:2)
  4 ball pythons
  3 bats
  3 frilled lizards
  4 rats
49 creatures vanquished.

Notes
Turn   | Place    | Note
-------+----------+-------------------------------------------
     0 | D:1      | HallandMoats the Ghoul Hunter began the quest for the Orb.
     0 | D:1      | Reached XP level 1. HP: 17/17 MP: 0/0
    33 | D:1      | Reached XP level 2. HP: 17/25 MP: 1/1
  1002 | D:2      | Reached skill level 4 in Slings
  1002 | D:2      | Reached XP level 3. HP: 30/30 MP: 2/2
  1070 | D:2      | Reached skill level 1 in Armour
  1135 | D:2      | Found Cionen's Armour Emporium.
  1320 | D:2      | Found Bylul's Armour Shop.
  1493 | D:2      | Reached XP level 4. HP: 37/37 MP: 3/3
  1871 | D:3      | Noticed Grinder
  1873 | D:3      | Paralysed by Grinder for 6 turns
  1885 | D:3      | Paralysed by Grinder for 5 turns
  1894 | D:3      | Paralysed by Grinder for 7 turns
  1905 | D:3      | Slain by Grinder

Illustrated notes

Levels and vault maps discovered:
D:1:      minmay_arrival_up_and_down, layout_basic
D:2:      layout_basic, serial_shops, nicolae_diamond_shop,
          nicolae_shop_waterfront
D:3:      layout_basic, guppyfry_early_orc_mine, uniq_grinder

Skill      XL: |  1  2  3 |
---------------+----------+-----
Dodging        | 2 |  2.3
Slings         | 4 |  4.3
Armour         | 1 |  1.2
Fighting       | |  2.9
Stealth        | |  1.1

Action                   |  1- 3 |  4- 6 || total
-------------------------+-------+-------++-------
 Fire: Hunting sling     |    91 |    54 ||   145
  Use: Potion            |       |     1 ||     1
Armor: Leather armour    |     8 |       ||     8
       Ring mail         |     3 |    11 ||    14
Dodge: Dodged            |    22 |    11 ||    33

Table legend: (Time is in decaauts)
 A = Elapsed time spent in this place.
 B = Non-inter-level travel time spent in this place.
 C = Inter-level travel time spent in this place.
 D = Time resting spent in this place.
 E = Time spent auto-exploring this place.
 F = Levels seen in this place.
 G = Mean time per level.
                   A        B        C        D        E       F      G
               +--------+--------+--------+--------+--------+-----+--------+
         Total |   1904 |   1784 |    120 |      0 |   1481 |   3 |  634.7 |
       Dungeon |   1904 |   1784 |    120 |      0 |   1481 |   3 |  634.7 |
               +--------+--------+--------+--------+--------+-----+--------+

Top non-repeatable levels by time:
     D:1: 994 daAuts
     D:2: 561 daAuts
     D:3: 349 daAuts
